[Event "Titled Tuesday Blitz November 07 Early 2023"]
[White "Can, Melih Kaan"]
[Black "Nasuta, Grzegorz"]
[WhiteFideId "6317383"]
[BlackFideId "1141686"]
[WhiteElo "2369"]
[BlackElo "2696"]
[Result "0-1"]
[Round "1"]
[TimeControl "180+1"]
[Date "2023.11.07"]
[WhiteClock "0:00:00"]
[BlackClock "0:00:11"]
[Board "134"]

1. d4 d5 2. Bf4 c5 3. c3 Nc6 4. e3 Bf5 5. Nd2 e6 6. Qb3 Qb6 7. dxc5 Bxc5 8. Ngf3 Nf6 9. Be2 h6 10. O-O O-O 11. h3 Rfe8 12. Ne5 Nxe5 13. Bxe5 Nd7 14. Bd4 e5 15. Bxc5 Nxc5 16. Qxb6 axb6 17. Bb5 Red8 18. Nb3 Bc2 19. Nxc5 bxc5 20. Rfc1 Bf5 21. a3 f6 22. Rd1 Kf7 23. Rd2 Ra5 24. Be2 Be6 25. Rad1 Rb8 26. Bf3 e4 27. Be2 b5 28. f3 b4 29. axb4 cxb4 30. fxe4 bxc3 31. bxc3 dxe4 32. Rd4 f5 33. Rd6 Rc8 34. Bh5+ Ke7 35. Rb6 Rc7 36. Rdd6 Re5 37. Rdc6 Rxc6 38. Rxc6 Rd5 39. Kf2 Rd2+ 40. Be2 Rc2 41. Ke1 Rc1+ 42. Kf2 Bd7 43. Rc7 Kd6 44. Rc4 Rc2 45. Rd4+ Ke7 46. c4 Be6 47. Ke1 Rc1+ 48. Kf2 Kf6 49. g3 g5 50. h4 Ke5 51. hxg5 hxg5 52. Rd8 Rc2 53. Ke1 Bxc4 54. Rc8 Rxe2+ 55. Kd1 Rxe3 0-1


[Site "https://www.chess.com"]

[Event "Titled Tuesday Blitz November 07 Early 2023"]
[White "Hua, Lefong"]
[Black "Corredor Castellanos, Camilo"]
[WhiteFideId "2602253"]
[BlackFideId "4425871"]
[WhiteElo "2692"]
[BlackElo "2369"]
[Result "1-0"]
[Round "1"]
[TimeControl "180+1"]
[Date "2023.11.07"]
[WhiteClock "0:00:44"]
[BlackClock "0:00:17"]
[Board "135"]

1. d4 Nf6 2. c4 e6 3. Nc3 d5 4. cxd5 exd5 5. Bg5 c6 6. e3 Be7 7. Bd3 h6 8. Bh4 O-O 9. Qc2 a5 10. Nge2 Na6 11. a3 Nc7 12. O-O Nce8 13. f3 Be6 14. Bf2 Rc8 15. h3 Rc7 16. e4 Qc8 17. e5 Nd7 18. f4 f5 19. g4 g6 20. Ng3 Ng7 21. Qe2 c5 22. Nb5 cxd4 23. Nxc7 Qxc7 24. Bxd4 Bc5 25. Qf2 fxg4 26. Rac1 Bxd4 27. Qxd4 Qd8 28. hxg4 Qh4 29. Kg2 Qxg4 30. Rf3 h5 31. Kf2 h4 32. Ne2 h3 33. Rg3 Qh4 34. Bxg6 h2 35. Rh1 Rc8 36. Kg2 Rc2 37. Bxc2 1-0


[Site "https://www.chess.com"]

[Event "Titled Tuesday Blitz November 07 Early 2023"]
[White "Fajdetic, Hrvoje"]
[Black "Akhmedinov, Satbek"]
[WhiteFideId "14501945"]
[BlackFideId "13714287"]
[WhiteElo "2362"]
[BlackElo "2691"]
[Result "0-1"]
[Round "1"]
[TimeControl "180+1"]
[Date "2023.11.07"]
[WhiteClock "0:00:02"]
[BlackClock "0:00:39"]
[Board "136"]

1. d4 Nf6 2. Bf4 e6 3. e3 d5 4. Nf3 Bd6 5. Bg3 O-O 6. Bd3 c5 7. c3 Nc6 8. Nbd2 b6 9. e4 dxe4 10. Nxe4 Nxe4 11. Bxe4 Bb7 12. Qa4 Qc7 13. dxc5 bxc5 14. Bxh7+ Kxh7 15. Qh4+ Kg8 16. Ng5 Rfe8 17. Qh7+ Kf8 18. Bh4 Ne5 19. Ne4 Ng6 20. Nxd6 Qxd6 21. O-O Nxh4 22. Qxh4 Kg8 23. Rad1 Qe5 24. Rd3 Qe4 25. Qg3 Rad8 26. Re3 Qg6 27. Qh4 Qxg2# 0-1


[Site "https://www.chess.com"]

[Event "Titled Tuesday Blitz November 07 Early 2023"]
[White "Lukovic, Vladimir"]
[Black "rikchessmx"]
[WhiteFideId "942952"]
[WhiteElo "2690"]
[BlackElo "2360"]
[Result "1-0"]
[Round "1"]
[TimeControl "180+1"]
[Date "2023.11.07"]
[WhiteClock "0:01:57"]
[BlackClock "0:00:42"]
[Board "137"]

1. b3 e5 2. Bb2 d6 3. e3 f5 4. d4 e4 5. c4 Nf6 6. Nc3 c6 7. Nge2 g6 8. Nf4 Bg7 9. h4 Qe7 10. Be2 Bh6 11. Qc2 Bxf4 12. exf4 Na6 13. a3 Bd7 14. Nd1 d5 15. Ne3 Nc7 16. g3 O-O-O 17. a4 Kb8 18. Ba3 Qf7 19. c5 h6 20. b4 Rc8 21. Rb1 Ka8 22. b5 Ne6 23. Qd2 Qf8 24. b6 a6 25. Qa5 Kb8 26. Bxa6 Nxd4 27. Bxb7 Nf3+ 28. Kd1 d4 29. Qa8# 1-0


[Site "https://www.chess.com"]

[Event "Titled Tuesday Blitz November 07 Early 2023"]
[White "secrethawk1"]
[Black "Tatarinov, Dmitry"]
[BlackFideId "24160067"]
[WhiteElo "2355"]
[BlackElo "2689"]
[Result "0-1"]
[Round "1"]
[TimeControl "180+1"]
[Date "2023.11.07"]
[WhiteClock "0:00:00"]
[BlackClock "0:00:29"]
[Board "138"]

1. e4 c5 2. Nf3 d6 3. d4 cxd4 4. Nxd4 Nf6 5. Nc3 a6 6. Be3 e6 7. Be2 Be7 8. g4 b5 9. g5 Nfd7 10. h4 Bb7 11. a3 Nb6 12. Qd2 Qc7 13. f4 Nc4 14. Bxc4 Qxc4 15. O-O-O Nc6 16. f5 Nxd4 17. Bxd4 e5 18. Be3 Bxe4 19. Rhf1 f6 20. gxf6 gxf6 21. Rg1 Bxf5 22. Rg7 Bf8 23. Rb7 Qc6 24. Rb6 Qd7 25. Nd5 Bg7 26. Rg1 Rc8 27. c3 Bg6 28. Rxa6 Qf5 29. Kd1 Rf8 30. Ra7 Rf7 31. Rxf7 Kxf7 32. Ke1 Rc4 33. Nb6 Re4 34. h5 Bxh5 35. Qd5+ Kf8 36. Qxd6+ Ke8 37. Nd5 Rxe3+ 38. Nxe3 Qb1+ 39. Kf2 Qxb2+ 40. Kg3 Qe2 41. Qe6+ Kf8 42. Kh3 Qxe3+ 43. Rg3 Qd3 0-1


[Site "https://www.chess.com"]

[Event "Titled Tuesday Blitz November 07 Early 2023"]
[White "Mendez Fortes, Eduardo Jesus"]
[Black "Baghdasaryan, Vahe"]
[WhiteFideId "3502376"]
[BlackFideId "13303139"]
[WhiteElo "2688"]
[BlackElo "2354"]
[Result "0-1"]
[Round "1"]
[TimeControl "180+1"]
[Date "2023.11.07"]
[WhiteClock "0:00:38"]
[BlackClock "0:02:06"]
[Board "139"]

1. e4 e5 2. Nf3 Nc6 3. Bb5 a6 4. Ba4 Nf6 5. O-O Be7 6. Re1 b5 7. Bb3 O-O 8. c3 d5 9. exd5 Nxd5 10. Nxe5 Nxe5 11. Rxe5 Nf6 12. d4 Bd6 13. Re1 Ng4 14. Qf3 Qh4 15. h3 Nxf2 16. Re2 Bg4 17. hxg4 Bg3 18. Rxf2 Qh2+ 19. Kf1 Qh1+ 20. Ke2 Bxf2 21. Qxf2 Qxc1 22. Kd3 c5 23. c4 Rfe8 24. d5 Re5 25. Qd2 Qf1+ 26. Kc3 b4+ 27. Kc2 Re2 28. a4 Rxd2+ 0-1


[Site "https://www.chess.com"]

[Event "Titled Tuesday Blitz November 07 Early 2023"]
[White "Perdomo, Leandro"]
[Black "Ovezdurdyyeva, Jemal"]
[WhiteFideId "109746"]
[BlackFideId "14001888"]
[WhiteElo "2686"]
[BlackElo "2352"]
[Result "0-1"]
[Round "1"]
[TimeControl "180+1"]
[Date "2023.11.07"]
[WhiteClock "0:00:00"]
[BlackClock "0:00:42"]
[Board "141"]

1. d4 Nf6 2. c4 e6 3. Nc3 b6 4. e4 d6 5. Nf3 Bb7 6. d5 Be7 7. Bd3 O-O 8. O-O c6 9. dxe6 fxe6 10. e5 dxe5 11. Ng5 Qd7 12. Qc2 h6 13. Nge4 c5 14. Rd1 Qc7 15. Nb5 Qc8 16. Nxf6+ Bxf6 17. Nd6 Qc7 18. Nxb7 Qxb7 19. Bh7+ Kh8 20. Be4 Nc6 21. Qa4 Rac8 22. Rd6 Bh4 23. g3 Qf7 24. Be3 Nd4 25. gxh4 Qe7 26. Rd7 Qxh4 27. Bg2 Ne2+ 28. Kh1 Rf5 29. Qd1 Nd4 30. Qd3 Rcf8 31. Qe4 Qf6 32. Rg1 Rh5 33. h3 Nf5 34. Rd3 Nh4 35. Qg4 Rf5 36. Be4 Kh7 37. Bxf5+ exf5 38. Qg3 f4 39. Qg4 fxe3 40. Rxe3 Qc6+ 41. Qe4+ Qxe4+ 42. Rxe4 g5 43. Rxe5 Rxf2 44. Re7+ Kg6 45. Rxa7 Nf3 0-1


[Site "https://www.chess.com"]

[Event "Titled Tuesday Blitz November 07 Early 2023"]
[White "Marchesich, Giovanni"]
[Black "Adla, Diego"]
[WhiteFideId "2824790"]
[BlackFideId "100072"]
[WhiteElo "2352"]
[BlackElo "2684"]
[Result "1-0"]
[Round "1"]
[TimeControl "180+1"]
[Date "2023.11.07"]
[WhiteClock "0:00:59"]
[BlackClock "0:00:33"]
[Board "142"]

1. e4 e5 2. Nc3 Nf6 3. Nf3 Nc6 4. d4 exd4 5. Nxd4 Bb4 6. Nxc6 bxc6 7. Bd3 O-O 8. O-O d5 9. Bd2 Rb8 10. Re1 Be6 11. e5 Nd7 12. f4 Nc5 13. Qf3 Nxd3 14. Qxd3 Qd7 15. Kh1 Bf5 16. Qg3 d4 17. Nb1 Bxc2 18. Bxb4 Rxb4 19. b3 h5 20. Nd2 Qg4 21. Rac1 Qxg3 22. hxg3 d3 23. Kg1 h4 24. Kf2 hxg3+ 25. Kxg3 g6 26. Kf3 a5 27. Ke3 a4 28. bxa4 Ra8 29. Rh1 Raxa4 30. Rh6 Rxf4 31. Rch1 Kf8 32. Rh8+ Ke7 33. Rc8 Ke6 34. Rxc7 Kxe5 35. Rh8 Rae4+ 36. Nxe4 Rxe4+ 37. Kd2 Re2+ 38. Kc3 f5 39. Re7+ Kf4 40. Rxe2 dxe2 41. Re8 Be4 42. Kd2 Bxg2 43. Kxe2 Bf3+ 44. Kf2 g5 45. a4 g4 46. a5 g3+ 47. Kg1 c5 48. Rc8 Be4 49. Rxc5 Ke3 50. Rc3+ Kf4 51. a6 Kg4 52. Rc4 Kf3 53. Rxe4 1-0


[Site "https://www.chess.com"]

[Event "Titled Tuesday Blitz November 07 Early 2023"]
[White "Arifarsky"]
[Black "Tsotsonava, Elene"]
[BlackFideId "13615939"]
[WhiteElo "2681"]
[BlackElo "2352"]
[Result "0-1"]
[Round "1"]
[TimeControl "180+1"]
[Date "2023.11.07"]
[WhiteClock "0:00:07"]
[BlackClock "0:00:13"]
[Board "143"]

1. Nf3 d5 2. g3 Nf6 3. Bg2 g6 4. O-O Bg7 5. d4 O-O 6. c4 dxc4 7. Qc2 b5 8. a4 c6 9. Rd1 Bb7 10. Ne5 Nd5 11. Bd2 Nd7 12. Nxd7 Qxd7 13. e4 Nf6 14. Bf4 a6 15. Nc3 Rfd8 16. h4 h5 17. Bg5 Qe8 18. Qe2 Ng4 19. e5 Nh6 20. axb5 axb5 21. Nxb5 cxb5 22. Bxb7 Rxa1 23. Rxa1 Rxd4 24. Ra8 Rd8 25. Bc6 Qf8 26. Rxd8 Qxd8 27. Bxb5 Ng4 28. Bf4 e6 29. Bxc4 Qd4 30. b3 Nxe5 31. Kg2 Ng4 32. f3 Ne5 33. Be3 Qc3 34. Bf2 Kh7 35. Be1 Qd4 36. Bf2 Qd6 37. Qe4 Nc6 38. Be2 Bd4 39. Be1 Ne7 40. b4 Nf5 41. Bf2 Bxf2 42. Kxf2 Qxg3+ 43. Kf1 Qh2 44. Ke1 Qg1+ 45. Kd2 Ng3 46. Qe3 Qb1 47. Qc3 Nxe2 48. Kxe2 Qf5 49. Qd3 Qe5+ 50. Kd1 Qb2 51. b5 Qb4 52. Kc2 Qxh4 53. Qb3 Qf2+ 54. Kb1 Qb6 55. Kb2 h4 56. Qb4 h3 57. Qe4 Qxb5+ 58. Kc3 Qf5 59. Qh4+ Kg7 60. Qg3 g5 61. Kd4 Kg6 62. Ke3 Qf4+ 63. Kf2 Qxg3+ 64. Kxg3 Kf5 65. Kxh3 Kf4 66. Kg2 g4 0-1


[Site "https://www.chess.com"]

[Event "Titled Tuesday Blitz November 07 Early 2023"]
[White "Pumpkin_in_moonlight"]
[Black "Malek, Jan"]
[BlackFideId "21864080"]
[WhiteElo "2351"]
[BlackElo "2681"]
[Result "0-1"]
[Round "1"]
[TimeControl "180+1"]
[Date "2023.11.07"]
[WhiteClock "0:00:00"]
[BlackClock "0:00:09"]
[Board "144"]

1. e4 c6 2. Nc3 d5 3. Nf3 e6 4. Be2 Bb4 5. e5 Ne7 6. O-O O-O 7. a3 Bxc3 8. dxc3 c5 9. c4 Nbc6 10. Bg5 Qc7 11. Qc1 Ng6 12. Re1 Ncxe5 13. Nxe5 Nxe5 14. Bf4 f6 15. Qe3 b6 16. Qg3 Qf7 17. cxd5 exd5 18. Bf1 Ng6 19. Bd6 Re8 20. Bb5 Bd7 21. Bd3 Rxe1+ 22. Rxe1 Re8 23. Rxe8+ Qxe8 24. h4 Ne5 25. Bf1 Qe6 26. Bxe5 Qxe5 27. Qxe5 fxe5 28. f3 Kf7 29. Kf2 Bf5 30. c3 Ke6 31. Bb5 h6 32. g3 Kd6 33. f4 e4 34. Ke3 Bg4 35. Bf1 Ke6 36. c4 Bf5 37. cxd5+ Kxd5 38. Be2 c4 39. g4 Bd7 40. g5 b5 41. gxh6 gxh6 42. Bf1 Bf5 43. Bg2 a5 44. Bf1 b4 45. axb4 axb4 46. Be2 c3 47. bxc3 b3 48. c4+ Kc5 49. Kd2 Kd4 50. Bd1 e3+ 51. Kc1 Kc3 52. Bxb3 e2 53. Bd1 e1=Q 0-1


[Site "https://www.chess.com"]

[Event "Titled Tuesday Blitz November 07 Early 2023"]
[White "Ovetchkin, Roman"]
[Black "Shapiro, Daniel"]
[WhiteFideId "4119991"]
[BlackFideId "2001780"]
[WhiteElo "2680"]
[BlackElo "2351"]
[Result "1-0"]
[Round "1"]
[TimeControl "180+1"]
[Date "2023.11.07"]
[WhiteClock "0:00:18"]
[BlackClock "0:00:00"]
[Board "145"]

1. d4 Nf6 2. c4 e6 3. g3 d5 4. Bg2 Bb4+ 5. Bd2 Be7 6. Nf3 c6 7. O-O O-O 8. Qc2 b6 9. Rd1 Bb7 10. Bf4 Nbd7 11. Nc3 Rc8 12. e4 dxc4 13. a4 a6 14. h4 h6 15. Qd2 Kh7 16. Bh3 b5 17. Qe3 b4 18. Ne2 c5 19. d5 exd5 20. exd5 Re8 21. Ne5 Kg8 22. Nxf7 Kxf7 23. Be6+ Kf8 24. Bxh6 Bd6 25. Bxg7+ Kxg7 26. Qg5+ Kh8 27. Qh6+ Nh7 28. Bf5 Nf6 29. Rf1 Qe7 30. Rae1 Qg7 31. Qc1 Re7 32. Nf4 Rce8 33. Ne6 Qf7 34. Ng5 Nxg5 35. Qxg5 Rxe1 36. Qh6+ Kg8 37. Bg6 Rxf1+ 38. Kxf1 Qg7 39. Bf7+ 1-0


[Site "https://www.chess.com"]

[Event "Titled Tuesday Blitz November 07 Early 2023"]
[White "Kujawski, Adam"]
[Black "Mamedov, Edgar"]
[WhiteFideId "1100920"]
[BlackFideId "13739980"]
[WhiteElo "2346"]
[BlackElo "2677"]
[Result "0-1"]
[Round "1"]
[TimeControl "180+1"]
[Date "2023.11.07"]
[WhiteClock "0:00:29"]
[BlackClock "0:02:08"]
[Board "146"]

1. e4 c5 2. Nf3 a6 3. c4 Nc6 4. d4 cxd4 5. Nxd4 Nf6 6. Nc3 e5 7. Nxc6 bxc6 8. Bd3 Bc5 9. O-O O-O 10. Kh1 d6 11. Qe2 h6 12. f3 Nh5 13. Be3 Qh4 14. Kg1 Nf4 15. Qd2 Bxe3+ 16. Qxe3 Qg5 17. Kf2 Qxg2+ 18. Ke1 Qxb2 19. Rc1 Ng2+ 0-1


[Site "https://www.chess.com"]

[Event "Titled Tuesday Blitz November 07 Early 2023"]
[White "Yen, William"]
[Black "Topalov, Aleksandar"]
[WhiteFideId "30932025"]
[BlackFideId "925659"]
[WhiteElo "2677"]
[BlackElo "2345"]
[Result "1-0"]
[Round "1"]
[TimeControl "180+1"]
[Date "2023.11.07"]
[WhiteClock "0:00:31"]
[BlackClock "0:00:00"]
[Board "147"]

1. e4 e6 2. d4 d5 3. Bd3 dxe4 4. Bxe4 Nf6 5. Bf3 c5 6. Ne2 Nc6 7. Be3 cxd4 8. Nxd4 Nxd4 9. Qxd4 Qc7 10. Nc3 a6 11. Rd1 Bd7 12. Bf4 Qc8 13. O-O Bc5 14. Qe5 O-O 15. Bg5 Be7 16. Ne4 Nd5 17. c4 Bxg5 18. Nxg5 Nf6 19. b3 h6 20. Ne4 Nxe4 21. Bxe4 Bc6 22. Bxc6 Qxc6 23. Rd6 Qc7 24. Rxe6 Qxe5 25. Rxe5 Rfe8 26. Rfe1 Rxe5 27. Rxe5 Rd8 28. Kf1 Kf8 29. g4 Rd2 30. Re2 Rd1+ 31. Kg2 Rd4 32. Kg3 g6 33. h4 g5 34. hxg5 hxg5 35. f3 Rd3 36. Re5 Rd2 37. Ra5 Rc2 38. a4 f6 39. Rf5 Ke7 40. Rc5 Kd6 41. Rd5+ Ke6 42. Rd3 Rb2 43. f4 Rc2 44. Kf3 Ke7 45. Re3+ Kf7 46. fxg5 fxg5 47. Ke4 Rg2 48. Kf5 1-0


[Site "https://www.chess.com"]

[Event "Titled Tuesday Blitz November 07 Early 2023"]
[White "KorolDimitriy75"]
[Black "Mgeladze, Tamaz"]
[BlackFideId "13601202"]
[WhiteElo "2344"]
[BlackElo "2672"]
[Result "0-1"]
[Round "1"]
[TimeControl "180+1"]
[Date "2023.11.07"]
[WhiteClock "0:00:00"]
[BlackClock "0:01:12"]
[Board "148"]

1. d4 Nf6 2. c4 e5 3. dxe5 Ng4 4. Bf4 Bb4+ 5. Nd2 Nc6 6. Nf3 Qe7 7. e3 Ngxe5 8. Nxe5 Nxe5 9. Be2 O-O 10. O-O a5 11. Nb3 a4 12. Nd4 a3 13. b3 d6 14. Rc1 b6 15. Bxe5 dxe5 16. Nc6 Qc5 17. Bf3 Bb7 18. Nxb4 Bxf3 19. Qxf3 Qxb4 20. Rfd1 Rad8 21. Rd5 c6 22. Rxd8 Rxd8 23. Qxc6 Qd2 24. Rf1 Qxa2 25. Qxb6 Rf8 26. g3 h5 27. h4 Qb2 28. b4 a2 29. Qa5 Kh7 30. b5 Rc8 31. Qa4 Rd8 32. c5 Rd2 33. c6 Rc2 34. b6 Rc1 35. Qe4+ g6 0-1


[Site "https://www.chess.com"]

[Event "Titled Tuesday Blitz November 07 Early 2023"]
[White "Goldin, Alexander"]
[Black "Dishman, Stephen"]
[WhiteFideId "2019540"]
[BlackFideId "403024"]
[WhiteElo "2672"]
[BlackElo "2344"]
[Result "1-0"]
[Round "1"]
[TimeControl "180+1"]
[Date "2023.11.07"]
[WhiteClock "0:00:33"]
[BlackClock "0:00:14"]
[Board "149"]

1. Nf3 d5 2. g3 Bg4 3. Bg2 c6 4. c4 e6 5. Qb3 Qb6 6. Qc2 Nd7 7. b3 Ngf6 8. O-O Be7 9. Bb2 O-O 10. d4 Bf5 11. Qc1 h6 12. Nc3 a5 13. Rd1 Rfd8 14. e3 Bh7 15. h3 Qa7 16. a3 Qb8 17. Ne2 b5 18. c5 Ne4 19. Nf4 Bf8 20. Nd3 f6 21. h4 Re8 22. Bh3 Nxg3 23. fxg3 Qxg3+ 24. Bg2 Be4 25. Nde1 e5 26. Qd2 exd4 27. exd4 Bxf3 28. Nxf3 Re4 29. Qf2 Qc7 30. Bh3 Rae8 31. Re1 Kh7 32. Bf5+ g6 33. Bxe4 dxe4 34. Nh2 f5 35. Bc1 Nf6 36. Bf4 Qd7 37. Rad1 Nd5 38. Be5 Bg7 39. h5 Bxe5 40. hxg6+ Kxg6 41. dxe5 Kh7 42. Kh1 Rf8 43. Rg1 Qe6 44. Qg2 Qxe5 45. Qg6+ Kh8 46. Qxh6# 1-0


[Site "https://www.chess.com"]

[Event "Titled Tuesday Blitz November 07 Early 2023"]
[White "Matthes, Aaron"]
[Black "Aswathchess"]
[WhiteFideId "16227310"]
[WhiteElo "2343"]
[BlackElo "2671"]
[Result "1/2-1/2"]
[Round "1"]
[TimeControl "180+1"]
[Date "2023.11.07"]
[WhiteClock "0:00:14"]
[BlackClock "0:00:09"]
[Board "150"]

1. Nf3 d5 2. d4 Nf6 3. g3 g6 4. Bg2 Bg7 5. O-O O-O 6. c4 c6 7. cxd5 cxd5 8. Nc3 Nc6 9. Bf4 Bf5 10. Rc1 Rc8 11. Ne5 Nh5 12. Nxc6 bxc6 13. Be3 e5 14. Na4 Qa5 15. a3 Rfe8 16. Re1 Bg4 17. dxe5 Bxe5 18. b4 Qa6 19. h3 Be6 20. Rc5 Nf6 21. Ra5 Qc4 22. Rxa7 Rb8 23. Qc1 Qb5 24. Nc5 Bf5 25. Ra5 Qc4 26. Qxc4 dxc4 27. Bxc6 Rec8 28. Bf3 Bxh3 29. Rc1 Bb2 30. Rxc4 Be6 31. Rc2 Be5 32. Rd2 Bf5 33. Bg5 Bc3 34. Rd6 Ne8 35. Rda6 Kg7 36. Ra8 h6 37. Bf4 Rxa8 38. Rxa8 Rxa8 39. Bxa8 g5 40. Be3 Nd6 41. Bc6 Bc2 42. b5 Ba5 43. Bd4+ Kg6 44. a4 Bb6 45. Nb3 Bxb3 46. Bxb6 Bxa4 47. Bc5 Bxb5 48. Bxd6 Bxc6 49. e3 f5 50. Bc5 Kf6 51. Bd4+ Kg6 52. Bb2 Bf3 53. Bd4 Kh5 54. Be5 Kg4 55. Bd4 h5 56. Bf6 h4 57. gxh4 gxh4 58. Be5 Be4 59. Kh2 h3 60. Bg3 Bg2 61. Kg1 Kf3 62. Kh2 Ke2 63. Kg1 Ke1 64. Bf4 Ke2 65. Bg3 Bf1 66. Bf4 Bg2 67. Bg3 1/2-1/2


[Site "https://www.chess.com"]

[Event "Titled Tuesday Blitz November 07 Early 2023"]
[White "Chinguun, Sumiya"]
[Black "Skaric, Djuro"]
[WhiteFideId "4902572"]
[BlackFideId "934569"]
[WhiteElo "2667"]
[BlackElo "2341"]
[Result "1-0"]
[Round "1"]
[TimeControl "180+1"]
[Date "2023.11.07"]
[WhiteClock "0:01:18"]
[BlackClock "0:00:55"]
[Board "151"]

1. e4 d6 2. d4 g6 3. Nc3 Bg7 4. Nf3 Nf6 5. h3 O-O 6. Bd3 Nc6 7. O-O e5 8. Ne2 Nd7 9. c3 h6 10. Be3 Kh7 11. Bb5 Qe7 12. Bxc6 bxc6 13. dxe5 Nxe5 14. Nxe5 Qxe5 15. Ng3 Qe7 16. Bd4 f6 17. Re1 c5 18. Be3 a5 19. b3 Bb7 20. c4 Rfe8 21. f3 f5 22. exf5 Bxa1 23. fxg6+ Kg8 24. Qxa1 Qe5 25. Kf2 Re6 26. Qxe5 dxe5 27. Nf5 Rae8 28. Bxc5 e4 29. f4 Rc6 30. Ne7+ Rxe7 31. Bxe7 Rxg6 32. g4 a4 33. b4 Kf7 34. Bc5 h5 35. f5 Rg8 36. Kg3 Rd8 37. Kf4 Rd3 38. g5 Rf3+ 39. Ke5 Rxh3 40. g6+ Kg7 41. f6+ Kxg6 42. Rg1+ Kh6 43. f7 Rf3 1-0


[Site "https://www.chess.com"]

[Event "Titled Tuesday Blitz November 07 Early 2023"]
[White "Rose, Felix"]
[Black "Yelisieiev, Yevhenii"]
[WhiteFideId "5105722"]
[BlackFideId "14139642"]
[WhiteElo "2339"]
[BlackElo "2667"]
[Result "0-1"]
[Round "1"]
[TimeControl "180+1"]
[Date "2023.11.07"]
[WhiteClock "0:00:46"]
[BlackClock "0:00:48"]
[Board "152"]

1. e4 d6 2. d4 Nf6 3. Nc3 e5 4. Nge2 c6 5. g3 b5 6. Bg2 Bb7 7. O-O Be7 8. h3 O-O 9. a3 a5 10. Be3 Nbd7 11. Qd2 b4 12. axb4 axb4 13. Rxa8 Qxa8 14. Nb1 exd4 15. Nxd4 g6 16. Bh6 Rd8 17. f3 c5 18. Ne2 d5 19. exd5 Nb6 20. Nf4 c4 21. Qd4 Nbxd5 22. Qxc4 Ne3 23. Qe2 Nxf1 24. Qxe7 Qa7+ 25. Kxf1 Ba6+ 0-1


[Site "https://www.chess.com"]

[Event "Titled Tuesday Blitz November 07 Early 2023"]
[White "Maltsevskaya, Aleksandra"]
[Black "Saya, Ethan"]
[WhiteFideId "24174041"]
[BlackFideId "26095181"]
[WhiteElo "2666"]
[BlackElo "2337"]
[Result "1-0"]
[Round "1"]
[TimeControl "180+1"]
[Date "2023.11.07"]
[WhiteClock "0:01:02"]
[BlackClock "0:00:02"]
[Board "153"]

1. Nf3 d5 2. c4 e6 3. g3 Nf6 4. Bg2 Be7 5. O-O O-O 6. b3 b6 7. Bb2 Bb7 8. d4 Nbd7 9. Nc3 c5 10. cxd5 Nxd5 11. Re1 Rc8 12. e4 Nxc3 13. Bxc3 cxd4 14. Bxd4 Bc5 15. Qd2 Bxd4 16. Nxd4 Qe7 17. Rad1 Rfd8 18. Qe2 Nc5 19. Rd2 Rd7 20. Red1 Rcd8 21. b4 Na4 22. Qb5 Nc3 23. Nf5 exf5 24. Rxd7 Nxb5 25. Rxd8+ Qf8 26. Rxf8+ Kxf8 27. Rd8+ Ke7 28. Rb8 Bxe4 29. Bf1 Nd6 30. a4 g5 31. a5 bxa5 32. bxa5 f4 33. Be2 f3 34. Bd1 f5 35. Kf1 Kf6 36. Ke1 Ke5 37. Rd8 a6 38. Rd7 f4 39. Ra7 Bb7 40. Bc2 fxg3 41. fxg3 h5 42. Bd3 Kd4 43. Bxa6 Ke3 44. Bxb7 f2+ 45. Kf1 Nc4 46. Ba6 Nd2+ 47. Kg2 Ne4 48. Re7 g4 49. Rxe4+ Kxe4 50. Kxf2 1-0


[Site "https://www.chess.com"]

[Event "Titled Tuesday Blitz November 07 Early 2023"]
[White "Goswami, Vedant"]
[Black "amanmuhammethommadov"]
[WhiteFideId "5003725"]
[WhiteElo "2334"]
[BlackElo "2663"]
[Result "0-1"]
[Round "1"]
[TimeControl "180+1"]
[Date "2023.11.07"]
[WhiteClock "0:00:03"]
[BlackClock "0:00:22"]
[Board "154"]

1. c3 Nf6 2. d4 g6 3. Nf3 Bg7 4. Bf4 O-O 5. h3 d6 6. Nbd2 Nfd7 7. e4 e5 8. dxe5 dxe5 9. Bg5 f6 10. Bc4+ Kh8 11. Bh4 Nc6 12. Qe2 Qe7 13. g4 Nb6 14. Bb3 a5 15. a4 Be6 16. Bg3 Rfd8 17. Bc2 Qc5 18. O-O Nc4 19. Rab1 Nxd2 20. Nxd2 Bh6 21. Rfd1 Kg7 22. Nb3 Qb6 23. Qb5 Na7 24. Qxa5 Nc6 25. Qb5 Qxb5 26. axb5 Na5 27. Nc5 Bf7 28. Rxd8 Rxd8 29. Rd1 Rxd1+ 30. Bxd1 Nc4 31. b4 Nd6 32. Be2 Bd2 33. b6 cxb6 34. Nd7 b5 35. h4 Bxc3 36. g5 Nxe4 37. gxf6+ Nxf6 38. Bxe5 Bxe5 39. Nxe5 Be8 40. Bf3 b6 41. Be2 Nd5 42. Nf3 Nxb4 43. Nd4 Nd5 44. Bxb5 Bxb5 45. Nxb5 Kf6 46. Kg2 Kf5 47. Kg3 Ke5 48. Kg4 h6 49. h5 Nf6+ 50. Kh4 Nxh5 51. Kg4 Ng7 52. f4+ Kf6 53. Nd4 h5+ 54. Kf3 Nf5 55. Nc6 b5 56. Ke4 h4 0-1


[Site "https://www.chess.com"]

[Event "Titled Tuesday Blitz November 07 Early 2023"]
[White "Kleiman, Jake"]
[Black "Fernandez Garcia, Gumersindo"]
[WhiteFideId "2020041"]
[BlackFideId "24516740"]
[WhiteElo "2663"]
[BlackElo "2331"]
[Result "1-0"]
[Round "1"]
[TimeControl "180+1"]
[Date "2023.11.07"]
[WhiteClock "0:00:12"]
[BlackClock "0:00:02"]
[Board "155"]

1. e4 c5 2. Nf3 g6 3. d4 cxd4 4. Nxd4 Bg7 5. Nc3 Nc6 6. Be3 Nf6 7. Bc4 O-O 8. Bb3 d6 9. h3 Bd7 10. O-O Na5 11. Re1 Rc8 12. Qd3 Nxb3 13. axb3 a6 14. Nd5 Nxd5 15. exd5 Bxd4 16. Bxd4 Bf5 17. Qe3 Bxc2 18. h4 f6 19. Rac1 Bf5 20. Rxc8 Bxc8 21. Qxe7 Qxe7 22. Rxe7 Rf7 23. Re8+ Rf8 24. Re7 Rf7 25. Re8+ Rf8 26. Re3 b5 27. Rc3 Bb7 28. Rc7 Bxd5 29. Rd7 Bxb3 30. Rxd6 a5 31. Bxf6 b4 32. f3 a4 33. Rb6 Rc8 34. Rxb4 Rc2 35. Rb7 Bd5 36. Rg7+ Kf8 37. Rxh7 Rc1+ 38. Kh2 Rc2 39. Kg3 Be6 40. Ra7 Bb3 41. Kh3 Kg8 42. g4 Kf8 43. Kg3 Rc1 44. Kf4 Rf1 45. Kg5 Rxf3 46. Kxg6 Bc2+ 47. Kg5 Kg8 48. h5 Kf8 49. h6 Rh3 50. Kf4 Kg8 51. g5 Kf8 52. Ke5 Rh1 53. Kd6 Bb3 54. Kc5 Bc2 55. Kb4 Bb3 56. h7 Rxh7 57. Rxh7 1-0


[Site "https://www.chess.com"]

[Event "Titled Tuesday Blitz November 07 Early 2023"]
[White "Samaganova, Aleksandra"]
[Black "Jakubowski, Krzysztof"]
[WhiteFideId "13800221"]
[BlackFideId "1112848"]
[WhiteElo "2330"]
[BlackElo "2662"]
[Result "0-1"]
[Round "1"]
[TimeControl "180+1"]
[Date "2023.11.07"]
[WhiteClock "0:01:04"]
[BlackClock "0:00:45"]
[Board "156"]

1. c4 e5 2. Nc3 Nc6 3. g3 g6 4. Bg2 Bg7 5. Nf3 d6 6. O-O f5 7. d3 h6 8. Ne1 Nf6 9. Nc2 Ne7 10. Rb1 O-O 11. b4 g5 12. f4 exf4 13. gxf4 gxf4 14. Bd2 Ng6 15. Qe1 Re8 16. Bxf4 Ng4 17. h3 N4e5 18. Bd5+ Kh7 19. Qg3 c6 20. Bg2 Rg8 21. Kh1 Nxf4 22. Qxf4 Ng6 23. Qd2 Qh4 24. Ne1 Ne5 25. Nf3 Qg3 26. Rbc1 Bf6 27. Qe1 Qxg2# 0-1


[Site "https://www.chess.com"]

[Event "Titled Tuesday Blitz November 07 Early 2023"]
[White "Shuvalova, Polina"]
[Black "Bokros, Albert"]
[WhiteFideId "24171760"]
[BlackFideId "710458"]
[WhiteElo "2659"]
[BlackElo "2330"]
[Result "1-0"]
[Round "1"]
[TimeControl "180+1"]
[Date "2023.11.07"]
[WhiteClock "0:02:46"]
[BlackClock "0:02:24"]
[Board "157"]

1. Nf3 d5 2. g3 Nf6 3. Bg2 c6 4. O-O Bg4 5. b3 Nbd7 6. Bb2 e6 7. c4 Bd6 8. d4 O-O 9. Ne5 Bf5 10. Nd2 Ne4 11. Rc1 f6 12. Nxd7 Qxd7 13. Nxe4 Bxe4 14. f3 Bg6 15. e4 Bf5 16. exf5 1-0


[Site "https://www.chess.com"]